 Dungeon Crawl Stone Soup version 0.19-a0-559-ga3d69d0 (webtiles) character file.

25 wvc the Ogre Mage (level 3, -10/33 HPs)
             Began as an Ogre Wanderer on June 8, 2016.
             Mangled by a gnoll
             ... wielding a +0 halberd
              (17 damage)
             ... on level 1 of the Dungeon.
             The game lasted 00:02:11 (1285 turns).

wvc the Ogre Mage (Ogre Wanderer)                   Turns: 1285, Time: 00:02:12

Health: -10/33     AC:  3    Str: 17    XL:     3   Next: 4%
Magic:  8/8        EV: 10    Int: 10    God:
Gold:   41         SH:  0    Dex: 11    Spells: 0 memorised, 9 levels left

rFire  . . .     SeeInvis .     j - +0 mace
rCold  . . .     Gourm    .     d - +0 robe
rNeg   . . .     Faith    .     (no shield)
rPois  .         Spirit   .     (helmet restricted)
rElec  .         Dismiss  .     (no cloak)
rCorr  .         Reflect  .     (gloves unavailable)
SustAt .         Harm     .     (boots unavailable)
MR     .....                    (no amulet)
Stlth  +.........               (no ring)
                                (no ring)

@: not resistant to hostile enchantments, very unstealthy
A: unfitting armour, tough skin 1
a: no special abilities


You were on level 1 of the Dungeon.
You were not hungry.

You visited 1 branch of the dungeon, and saw 2 of its levels.

You collected 41 gold pieces.

Inventory:

Hand Weapons
 e - a +0 club
 j - a +0 mace (weapon)
Missiles
 f - 41 stones (quivered)
Armour
 d - a +0 robe (worn)
Scrolls
 h - 2 scrolls of enchant weapon {unknown}
 k - a scroll of identify {unknown}
Books
 a - a book of Geomancy

   Spells                             Type                      Level
   a - Sandblast                      Earth                        1
   b - Passwall                       Transmutation/Earth          2
   c - Stone Arrow                    Conjuration/Earth            3
   d - Petrify                        Transmutation/Earth          4
   e - Lee's Rapid Deconstruction     Earth                        5
 b - the Grimoire of the Arsonist

   Spells                             Type                      Level
   a - Flame Tongue                   Conjuration/Fire             1
   b - Ignite Poison                  Fire/Transmutation/Poison    3
 c - Sif Muna's Volume of Protection

   Spells                             Type                      Level
   a - Infusion                       Charms                       1
   b - Ozocubu's Armour               Charms/Ice                   3
Comestibles
 g - a bread ration
 i - 2 meat rations


   Skills:
 + Level 1.1 Fighting
 * Level 1.8 Maces & Flails
 + Level 1.4 Dodging
 - Level 1.5 Stealth
 - Level 3.6 Spellcasting
   Level 2.1 Earth Magic
   Level 1.3 Poison Magic


You had 9 spell levels left.
You didn't know any spells.

Dungeon Overview and Level Annotations

Branches:
Dungeon (2/15)

Altars:


Innate Abilities, Weirdness & Mutations

You are too large for most types of armour.
You have tough skin. (AC +1)


Message History

A bat comes into view.
You hit the gnoll.
The gnoll is moderately wounded.
The bat closely misses you. The gnoll barely misses you.
You closely miss the gnoll.
The gnoll is moderately wounded.
The bat hits you. The gnoll misses you.
You hit the gnoll.
The gnoll is moderately wounded.
The bat barely misses you. The gnoll barely misses you.
You barely miss the gnoll.
The gnoll is moderately wounded.
The bat barely misses you. The gnoll misses you.
You hit the gnoll.
The gnoll is severely wounded.
The bat closely misses you. The gnoll hits you with a halberd.
* * * LOW HITPOINT WARNING * * *
The gnoll hits you with a halberd!
Ouch! That really hurt!
You die...

##..............#)##...
#..#.###.###.#.#.##.##
#..#.#.....#.#.#.##.#
#..###.#.#.###...##.#
#...................#
#..### #.#.###...#### #
#. #.#...#.###
#..#.###.###.#.#
#...g@.........#
#.........######
###########


You could see a gnoll.

Vanquished Creatures
  A giant gecko (D:1)
  A bat (D:1)
  A giant cockroach (D:1)
  2 goblins (D:1)
  6 hobgoblins (D:1)
  4 giant newts (D:1)
  A kobold (D:1)
  8 rats (D:1)
24 creatures vanquished.

Notes
Turn   | Place    | Note
--------------------------------------------------------------
     0 | D:1      | wvc the Ogre Wanderer began the quest for the Orb.
     0 | D:1      | wvc set off with: a book of Geomancy, the Grimoire of the Arsonist, Sif Muna's Volume of Protection, a +0 robe, a +0 club, a +0 dagger, a bread ration
     0 | D:1      | Reached XP level 1. HP: 16/16 MP: 5/5
     1 | D:1      | Identified the Grimoire of the Arsonist
     1 | D:1      | Identified Sif Muna's Volume of Protection
    51 | D:1      | Reached skill level 1 in Maces & Flails
   319 | D:1      | Reached XP level 2. HP: 20/24 MP: 6/6
   395 | D:1      | Reached skill level 1 in Dodging
   745 | D:1      | Reached skill level 1 in Fighting
  1137 | D:1      | Reached XP level 3. HP: 28/33 MP: 8/8
  1190 | D:1      | You fall through a shaft!
  1285 | D:1      | Mangled by a gnoll

Vault maps used:
D:1:      lightli_arrival_statuegarden, minmay_misc_feat_roman
D:2:      wad_river_or_something, overflow_temple_1_default, zin_angel,
          uniq_robin

Skill      XL: |  1  2 |
---------------+-------+-----
Maces & Flails | 1 |  1.8
Dodging        | 1 |  1.4
Fighting       | 1 |  1.1
Stealth        | |  1.5
Spellcasting   | |  3.6
Earth Magic    | |  2.1
Poison Magic   | |  1.3

Action                   || total
-------------------------++-------
Melee: Club              ||   112
       Mace              ||    10
 Stab: Sleeping          ||     1
  Eat: Chunk             ||     1
Armor: Robe              ||    32
Dodge: Dodged            ||    67
